 Dungeon Crawl Stone Soup version 0.26-a0-540-g8a0c9464d7 (webtiles) character file.

Game seed: 16842908629918083628

120 kobby the Shield-Bearer (level 4, 0/61 HPs)
             Began as a Minotaur Fighter on Aug 24, 2020.
             Slain by Sigmund
             ... wielding a +1 scythe of venom
              (5 damage)
             ... on level 3 of the Dungeon.
             The game lasted 00:02:59 (1133 turns).

kobby the Shield-Bearer (Minotaur Fighter)          Turns: 1133, Time: 00:03:00

Health: 0/61       AC: 22    Str: 21    XL:     4   Next: 75%
Magic:  3/3        EV:  2    Int:  5    God:
Gold:   90         SH:  9    Dex: 10    Spells: 3/3 levels left

rFire    . . .     SeeInvis .   a - +1 war axe
rCold    . . .     Faith    .   c - +0 kite shield
rNeg     + + +     Spirit   .   (armour currently unavailable)
rPois    +         Reflect  .   (helmet currently unavailable)
rElec    .         Harm     .   (cloak currently unavailable)
rCorr    .         NoTele   +   (gloves currently unavailable)
MR       .....                  (boots currently unavailable)
Stlth    +.........             (no amulet)
HPRegen  0.20/turn              (no ring)
MPRegen  0.08/turn              (no ring)

@: lethally poisoned (0 -> -14), tree-form
A: (retaliatory headbutt)
a: no special abilities


You were on level 3 of the Dungeon.
You were a tree.
You visited 1 branch of the dungeon, and saw 3 of its levels.

You collected 90 gold pieces.

Inventory:

Hand Weapons
 a - a +1 war axe (weapon)
Armour
 b - a +0 scale mail (melded)
 c - a +0 kite shield (worn)
Scrolls
 e - 2 scrolls of noise
 g - 8 scrolls of identify
 h - a scroll of remove curse
 k - a scroll of teleportation
 l - a scroll of amnesia
 n - a scroll of immolation {unknown}
Potions
 d - a potion of might


   Skills:
 + Level 4.4 Fighting
 + Level 4.0 Axes
 + Level 4.3 Armour
 + Level 0.3 Dodging
 + Level 4.5 Shields


You had 3 spell levels left.
You didn't know any spells.
Your spell library was empty.

Dungeon Overview and Level Annotations

Branches:
Dungeon (3/15)

Altars:
Ru

Annotations:
D:3 Sigmund


Innate Abilities, Weirdness & Mutations

((You reflexively headbutt those who attack you in melee.))
((You have a pair of horns on your head.))


Message History

You hit the orc priest.
The orc priest is almost dead.
You hit the giant cockroach. You closely miss the orc wizard. You hit the orc.
* * * LOW HITPOINT WARNING * * *
You feel very sick. You block the giant cockroach's attack.
The orc hits you but does no damage.
The orc priest hits you with a +0 short sword.
* * * LOW HITPOINT WARNING * * *
Something completely misses you.
The orc wizard hits you but does no damage.
The giant cockroach bites you but does no damage.
You slash the orc priest!
You kill the orc priest!
Your Axes skill increases to level 4!
You closely miss the orc. You barely miss the orc wizard.
You closely miss the giant cockroach.
* * * LOW HITPOINT WARNING * * *
You feel sick. You block the orc's attack. The orc wizard barely misses you.
You block the giant cockroach's attack. Something hits you.
You die...

##.#######
#....#
#..#.#### #
#..#)##>. ..
#..#.##.# .##
#..#.##.# ....
#..#.##.##.....
#..#....o..#...
...#...♣o......
#...Ks......
#.....{.....
#.##.#......
...##.#......
######.#......
#.. ..... ..#
.....


You could see an orc wizard, an orc, a giant cockroach and a kobold.

Vanquished Creatures
  An orc priest (D:3)
  4 adders
  An ooze (D:2)
  A worm (D:3)
  4 dart slugs
  A leopard gecko (D:1)
  2 orcs (D:3)
  6 bats
  8 goblins
  A hobgoblin (D:1)
  3 frilled lizards
  2 kobolds (D:1)
  6 rats
40 creatures vanquished.

Notes
Turn   | Place    | Note
-------+----------+-------------------------------------------
     0 | D:1      | kobby the Minotaur Fighter began the quest for the Orb.
     0 | D:1      | Reached XP level 1. HP: 19/19 MP: 0/0
    80 | D:1      | Reached XP level 2. HP: 27/27 MP: 1/1
   472 | D:2      | Reached XP level 3. HP: 33/33 MP: 2/2
   913 | D:2      | Found a sacrificial altar of Ru.
   954 | D:2      | Reached XP level 4. HP: 35/41 MP: 3/3
  1110 | D:3      | Noticed Sigmund
  1133 | D:3      | Slain by Sigmund

Illustrated notes

Levels and vault maps discovered:
D:1:      arrival_zaba_pyramid, layout_rooms
D:2:      layout_rooms, nicolae_ru_sacrificial_ziggurat
D:3:      layout_basic, uniq_terence, uniq_sigmund

Skill      XL: |  1  2  3  4 |
---------------+-------------+-----
Shields        | 4 |  4.5
Fighting       | 4 |  4.4
Armour         | 4 |  4.3
Axes           | 3 4 |  4.0
Dodging        | |  0.3

Action                   |  1- 3 |  4- 6 || total
-------------------------+-------+-------++-------
Melee: War axe           |    75 |    19 ||    94
       Headbutt          |     7 |       ||     7
  Use: Scroll            |       |     5 ||     5
       Potion            |       |     3 ||     3
Armor: Scale mail        |    46 |     5 ||    51
       Skin              |       |    23 ||    23
Dodge: Dodged            |    25 |     6 ||    31
Block: Kite shield       |    39 |    13 ||    52

Table legend: (Time is in decaauts)
 A = Elapsed time spent in this place.
 B = Non-inter-level travel time spent in this place.
 C = Inter-level travel time spent in this place.
 D = Time resting spent in this place.
 E = Time spent auto-exploring this place.
 F = Levels seen in this place.
 G = Mean time per level.
                   A        B        C        D        E       F      G
               +--------+--------+--------+--------+--------+-----+--------+
         Total |   1173 |   1164 |      9 |      0 |    834 |   3 |  391.0 |
       Dungeon |   1173 |   1164 |      9 |      0 |    834 |   3 |  391.0 |
               +--------+--------+--------+--------+--------+-----+--------+

Top non-repeatable levels by time:
     D:2: 664 daAuts
     D:1: 457 daAuts
     D:3: 51 daAuts
